 Dungeon Crawl Stone Soup version 0.26.1-11-gd32895ea62 (webtiles) character file.

Game seed: 3577610246297724436

4485 phalm the Conjurer (level 10, 23/76 HPs)
             Began as a Demonspawn Conjurer on June 24, 2021.
             Was an Initiate of Gozag.
             Quit the game on level 8 of the Dungeon.
             The game lasted 00:17:02 (11148 turns).

phalm the Conjurer (Demonspawn Conjurer)           Turns: 11148, Time: 00:17:03

Health: 23/76      AC:  5    Str: 11    XL:     10   Next: 16%
Magic:  8/18       EV: 12    Int: 31    God:    Gozag
Gold:   833        SH:  0    Dex: 16    Spells: 9/20 levels left

rFire    . . .     SeeInvis .   I - +4 scimitar
rCold    . . .     Faith    .   (no shield)
rNeg     + + +     Spirit   .   a - +0 robe
rPois    .         Reflect  .   N - +0 helmet
rElec    +         Harm     .   (no cloak)
rCorr    +         Rampage  .   t - +0 pair of gloves "Qojo" {*Drain rElec rN+++ Int+5} (curse)
Will     .....                  m - +0 pair of boots
Stlth    ++++......             K - amulet "Izxidgh" {RegenMP rN++ Str+3 Int+4}
HPRegen  1.22/turn              Y - +4 ring of slaying
MPRegen  0.41/turn              R - ring of resist corrosion

@: marked, gold aura
A: hooves 2, thin skeletal structure 2, powered by death 1, spiny 1
a: Renounce Religion, Potion Petition, Call Merchant, Bribe Branch


You were on level 8 of the Dungeon.
You worshipped Gozag.
Gozag was pleased with you.
You visited 1 branch of the dungeon, and saw 8 of its levels.

You collected 1350 gold pieces.
You paid 517 gold pieces to Gozag.


Innate Abilities, Weirdness & Mutations

You have hoof-like feet.
You have a moderately thin skeletal structure. (Dex +4, Stealth+)
You regenerate a little health from kills.
You are partially covered in sharp spines.


   Skills:
 + Level 5.9 Fighting
 - Level 1.7 Dodging
 - Level 1.7 Stealth
 + Level 5.8 Spellcasting
 + Level 7.7 Conjurations
 * Level 6.4 Hexes
 * Level 7.1 Translocations


You had 9 spell levels left.
You knew the following spells:

 Your Spells              Type           Power        Failure   Level
f - Fulminant Prism       Conj/Hex       26%          2%          4
m - Magic Dart            Conj           100%         1%          1
s - Searing Ray           Conj           100%         1%          2
X - Iskenderun's Mystic   Conj/Tloc      53%          2%          4

Your spell library contained the following spells:

 Spells                   Type           Power        Failure   Level
 Dazzling Flash           Conj/Hex       100%         1%          3

Inventory:

Hand Weapons
 f - a +0 club
   (You took it off a goblin on level 1 of the Dungeon)
 h - a +0 spear
   (You found it on level 1 of the Dungeon)
 l - a +2 dagger of protection
   (You took it off a goblin on level 1 of the Dungeon)
 I - a +4 scimitar (weapon)
   (You took it off a wight on level 6 of the Dungeon)
Missiles
 u - 328 stones
 x - 53 poisoned darts (quivered)
 z - a throwing net {=f!f}
 A - 46 sling bullets
 B - 51 arrows
 E - 44 bolts
Armour
 a - a +0 robe (worn)
 m - a +0 pair of boots (worn)
   (You found it on level 1 of the Dungeon)
 t - the cursed +0 pair of gloves "Qojo" (worn) {*Drain rElec rN+++ Int+5}
   (You found it on level 8 of the Dungeon)

   It affects your intelligence (+5).
   It insulates you from electricity.
   It renders you almost immune to negative energy.
   It causes draining when unequipped.
   It has a curse placed upon it.
 F - a +0 buckler
   (You found it on level 2 of the Dungeon)
 N - a +0 helmet (worn)
   (You found it on level 8 of the Dungeon)
Jewellery
 K - the amulet "Izxidgh" (around neck) {RegenMP rN++ Str+3 Int+4}
   (You found it on level 7 of the Dungeon)

   [amulet of magic regeneration]

   It increases your magic regeneration.
   It affects your strength (+3).
   It affects your intelligence (+4).
   It greatly protects you from negative energy.
 R - a ring of resist corrosion (right hand)
   (You found it on level 7 of the Dungeon)
 Y - a +4 ring of slaying (left hand)
   (You found it on level 4 of the Dungeon)
Wands
 v - a wand of paralysis (7)
   (You took it off an orc on level 8 of the Dungeon)
 G - a wand of flame (22)
   (You took it off an orc wizard on level 8 of the Dungeon)
Scrolls
 b - 3 scrolls of enchant armour
 c - 2 scrolls of fog
 g - a scroll of enchant weapon
 i - a scroll of remove curse {@r2}
 j - a scroll of fear
 k - 3 scrolls of teleportation {unknown}
 o - 2 scrolls of noise {unknown}
 y - 4 scrolls of blinking {!r}
 C - a scroll of magic mapping {!r}
 J - 2 scrolls of immolation {unknown}
 L - 2 scrolls of amnesia
 M - 2 scrolls of identify {@r1}
Potions
 d - a potion of resistance {unknown}
 e - a potion of magic {unknown}
 n - 2 potions of flight {unknown}
 p - a potion of haste {unknown}
 q - a potion of degeneration {unknown}
 r - 3 potions of brilliance
 s - 3 potions of attraction {unknown}
 w - a potion of ambrosia {unknown}
 D - a potion of heal wounds {unknown}
 H - 6 potions of curing {@q1}

Dungeon Overview and Level Annotations

Branches:
Dungeon (8/15)             Temple (0/1) D:7
   Lair: D:8-11

Altars:
Fedhas
Gozag
The Shining One

#..#...## ##......## ####
#.....##. ##..## ###......
#....########......
#...###.#.#........
##..##.............
##...))[)..........#
##..@#...#...........
###$...#..##.......#... #
###.......###......####.. ##.##
##......#....#.......# #..
#....##.$$....###..#.......#....
#...#.((.$.....# ...............
##.....####...'.....##........##.
#.....### ...#'#...## ...#..
#...(... ...##.##..# ......


There were no monsters in sight!


Message History

😎 MP[+1]
You throw a poisoned dart. The poisoned dart barely misses Harold.
An orc warrior comes into view. It is wielding a +0 hand axe.
Harold gestures at you while chanting. The mark upon you grows brighter.
You throw a poisoned dart. The poisoned dart hits the orc warrior.
The orc warrior is poisoned.
An orc comes into view. 😎 MP[+1]
The orc misses you. The orc hits you.
The orc hits you but does no damage. 😕 HP[-1] MP[+1]
You take 1 damage, and now have 68/69 hp.
The orc closely misses you.
You riposte.
You slash the orc!
You kill the orc! 😎 HP[+1]
Your hp is fully restored (69).
You barely miss the orc.
The orc warrior looks more healthy.
The orc barely misses you. 😎 MP[+1]
You hit the orc warrior.
The orc warrior hits you with a +0 hand axe! 😕 HP[-13] MP[+1]
You take 13 damage, and now have 56/69 hp.
You hit the orc warrior.
The orc warrior hits you with a +0 hand axe!
Harold hits you from afar with a +0 halberd!
* * * LOW HITPOINT WARNING * * *
😨 HP[-22]
You take 22 damage, and now have 34/69 hp.
MASSIVE DAMAGE!! (PAUSE)
Casting: Iskenderun's Mystic Blast (dangerous; 2% risk of failure)
Confirm with . or Enter, or press ? or * to list all spells.
You erupt in a blast of force!
The mystic blast hits Harold but does no damage.
The mystic blast hits the orc warrior!
The orc warrior is knocked back by the mystic blast.
The orc warrior collides with Harold!
The mystic blast hits the orc!
You kill the orc!
Harold hits you from afar with a +0 halberd!
* * * LOW HITPOINT WARNING * * *
😨 HP[-16] MP[-3]
You take 16 damage, and now have 18/69 hp.
MASSIVE DAMAGE!! (PAUSE)
You lost 3 mp, and now have 12/17 mp.
Casting: Iskenderun's Mystic Blast (dangerous; 2% risk of failure)
Confirm with . or Enter, or press ? or * to list all spells.
You erupt in a blast of force!
The mystic blast hits Harold!
Harold is knocked back by the mystic blast.
The mystic blast hits the orc warrior!
You kill the orc warrior!
Harold looks more healthy. 😨 MP[-4]
You lost 4 mp, and now have 8/17 mp.
You are too injured to fight recklessly!
Throw: 55 darts (poison)
Press: ? - help, Q - select action, (/) - cycle Shift-Dir - straight line, f - Harold
Aim: Harold, wielding a +0 halberd and wearing a +0 scale mail (almost dead, 76% to hit)
You throw a poisoned dart. The poisoned dart hits Harold.
Harold is poisoned.
Throw: 54 darts (poison)
Press: ? - help, Q - select action, (/) - cycle Shift-Dir - straight line, f/p - Harold
Aim: Harold, wielding a +0 halberd and wearing a +0 scale mail (almost dead, poisoned, 76% to hit)
You throw a poisoned dart.
The poisoned dart hits Harold. 😨 MP[+1] 😨 HP[+1] MP[+1] Harold looks eager to get this over with.
Harold gestures at you while chanting. The mark upon you grows brighter.
Harold looks more healthy.
Harold points at you and mumbles some strange words.
You barely resist.
There is a stone staircase leading up, spattered with blood here. 😨 MP[+1]
Casting: Iskenderun's Mystic Blast (dangerous; 2% risk of failure)
Confirm with . or Enter, or press ? or * to list all spells.
Aiming: Searing Ray (safe; 1% risk of failure)
Press: ? - help, Shift-Dir - straight line, f/p - Harold
Aim: Harold, wielding a +0 halberd and wearing a +0 scale mail (almost dead, 10% to evade)
The searing ray misses Harold. (Press . to maintain the ray.) 😨 MP[-2]
You lost 2 mp, and now have 9/17 mp.
Casting: Searing Ray (safe; 1% risk of failure)
Confirm with . or Enter, or press ? or * to list all spells.
Aiming: Searing Ray (safe; 1% risk of failure)
Press: ? - help, Shift-Dir - straight line, f/p - Harold
Aim: Harold, wielding a +0 halberd and wearing a +0 scale mail (almost dead, 10% to evade)
The searing ray hits Harold.
You kill Harold!
Harold looks down at his mortal wounds and cries, "But... this was my last day before retirement..." (Press . to maintain the ray.)
Your Translocations skill increases to level 7!
You have reached level 10!
Your demonic ancestry asserts itself...
Sharp spines emerge from parts of your body. 😨 HP[+4] MP[-1]
You now have 76 max hp (+7).
You regained 4 hp, and now have 23/76 hp.
Unknown command.
Are you sure you want to abandon this character and quit the game? (Confirm with "yes".)

Skill      XL: |  1  2  3  4  5  6  7  8  9 |
---------------+----------------------------+-----
Fighting       | 1 2 3 4 5 |  5.9
Conjurations   | 5 6 7 |  7.7
Spellcasting   | 3 4 5 |  5.8
Translocations | 2 3 4 5 7 |  7.1
Hexes          | 1 4 6 |  6.4
Dodging        | |  1.7
Stealth        | |  1.7

Action                   |  1- 3 |  4- 6 |  7- 9 | 10-12 || total
-------------------------+-------+-------+-------+-------++-------
Melee: Unarmed           |     2 |       |       |       ||     2
       Spear             |     6 |       |       |       ||     6
       Dagger            |     9 |    11 |    16 |       ||    36
       Scimitar          |       |       |    17 |       ||    17
Throw: Dart              |       |       |    12 |       ||    12
       Throwing net      |       |       |     1 |       ||     1
 Cast: Magic Dart        |    58 |   128 |   167 |       ||   353
       Searing Ray       |     1 |    10 |    58 |       ||    69
       Iskenderun's Myst |       |       |     4 |       ||     4
Invok: Potion Petition   |       |       |     1 |       ||     1
  Use: Scroll            |       |     1 |    11 |       ||    12
 Stab: Sleeping          |     3 |     1 |       |       ||     4
Armor: Robe              |     6 |     8 |    28 |       ||    42
       Skin              |       |       |     7 |       ||     7
Dodge: Dodged            |     6 |    28 |    94 |       ||   128
       Rpst.: Scimitar   |       |       |    17 |       ||    17

Levels and vault maps discovered:
D:1:      shiori_shiawase, layout_basic
D:2:      kb_forest_paths, layout_basic
D:3:      layout_rooms, roderic_nine_men_s_morris, grunt_ministairs_13,
          grunt_gozag_breadcrumbs
D:4:      layout_loops_ring, uniq_blork_the_orc
D:5:      minmay_chambers_of_fours, layout_basic, nicolae_tso_swordbearing_angel
D:6:      layout_basic, fedhas_altar_1, uniq_maggie
D:7:      layout_rooms, nicolae_overflow_crystal_walls,
          minmay_temple_entry_enclosed_plants, minmay_misc_feat_rugged
D:8:      layout_cave_pools, st_stairs_8, grunt_decor_arrowhead, uniq_harold

Notes
Turn   | Place    | Note
-------+----------+-------------------------------------------
     0 | D:1      | phalm the Demonspawn Conjurer began the quest for the Orb.
     0 | D:1      | Reached XP level 1. HP: 13/13 MP: 3/3
     0 | D:1      | magus.rc [v1.9.10]
   409 | D:1      | Gained mutation: You have a somewhat thin skeletal
                  | structure. (Dex +2, Stealth) [demonic ancestry]
   409 | D:1      | Reached XP level 2. HP: 20/20 MP: 1/5
   476 | D:1      | Learned a level 2 spell: Searing Ray
   659 | D:1      | Reached skill level 1 in Fighting
  1026 | D:1      | Gained mutation: You have large cloven feet. [demonic
                  | ancestry]
  1026 | D:1      | Reached XP level 3. HP: 26/26 MP: 6/6
  1810 | D:2      | Reached XP level 4. HP: 33/33 MP: 3/7
  2019 | D:2      | Reached skill level 5 in Conjurations
  2403 | D:2      | Reached skill level 2 in Fighting
  2886 | D:2      | Learned a level 4 spell: Iskenderun's Mystic Blast
  3233 | D:3      | Gained mutation: You have a moderately thin skeletal
                  | structure. (Dex +4, Stealth+) [demonic ancestry]
  3233 | D:3      | Reached XP level 5. HP: 38/38 MP: 7/9
  3420 | D:3      | Found an opulent altar of Gozag.
  3551 | D:3      | Became a worshipper of Gozag Ym Sagoz the Greedy
  3811 | D:3      | Reached skill level 3 in Spellcasting
  3866 | D:3      | Reached skill level 1 in Translocations
  4698 | D:4      | Noticed an ogre
  4705 | D:4      | Killed an ogre
  4706 | D:4      | Reached skill level 2 in Translocations
  4706 | D:4      | Reached XP level 6. HP: 46/46 MP: 0/10
  4873 | D:4      | Noticed Blork the orc
  4884 | D:4      | Killed Blork the orc
  5474 | D:5      | Entered Level 5 of the Dungeon
  5563 | D:5      | Reached skill level 3 in Fighting
  5637 | D:5      | Noticed a steam dragon
  5647 | D:5      | Noticed a water moccasin
  5658 | D:5      | Killed a water moccasin
  5659 | D:5      | Reached skill level 3 in Translocations
  5659 | D:5      | Gained mutation: You have hoof-like feet. [demonic
                  | ancestry]
  5659 | D:5      | Reached XP level 7. HP: 19/52 MP: 0/12
  5990 | D:5      | Reached skill level 4 in Spellcasting
  5990 | D:5      | Reached skill level 6 in Conjurations
  6103 | D:5      | Learned a level 4 spell: Fulminant Prism
  6317 | D:5      | Found a glowing golden altar of the Shining One.
  6521 | D:5      | HP: 11/52 [steam dragon] (10)]
  6528 | D:5      | Killed a steam dragon
  6529 | D:5      | Reached skill level 1 in Hexes
  6529 | D:5      | Reached skill level 4 in Translocations
  6978 | D:6      | Reached XP level 8. HP: 56/60 MP: 1/14
  7164 | D:6      | Found a blossoming altar of Fedhas.
  7206 | D:6      | Reached skill level 4 in Fighting
  7206 | D:6      | Reached skill level 2 in Hexes
  7604 | D:6      | Reached skill level 3 in Hexes
  7861 | D:6      | Reached skill level 5 in Translocations
  8042 | D:6      | Reached skill level 4 in Hexes
  8276 | D:6      | Noticed Maggie
  8286 | D:6      | Killed Maggie
  8287 | D:6      | Gained mutation: You regenerate a little health from kills.
                  | [demonic ancestry]
  8287 | D:6      | Reached XP level 9. HP: 67/67 MP: 4/16
  8588 | D:6      | Reached skill level 5 in Spellcasting
  8741 | D:7      | Found a glowing golden altar of the Shining One.
  8760 | D:7      | Reached skill level 7 in Conjurations
  8862 | D:7      | Found a staircase to the Ecumenical Temple.
  8952 | D:7      | Reached skill level 5 in Fighting
  8999 | D:7      | Got a glittering silver amulet
  9096 | D:7      | Identified the amulet "Izxidgh" {RegenMP rN++ Str+3 Int+4}
                  | (You found it on level 7 of the Dungeon)
  9407 | D:8      | Noticed Harold
  9629 | D:8      | Reached skill level 5 in Hexes
  9629 | D:8      | Reached skill level 6 in Translocations
  9851 | D:8      | HP: 13/68 [Harold/+0 halberd (20)]
 10150 | D:7      | HP: 17/68 [poisoned by a killer bee]
 10156 | D:7      | HP: 14/68 [poisoned by a killer bee]
 10163 | D:7      | HP: 13/68 [poisoned by a killer bee]
 10170 | D:7      | HP: 12/68 [poisoned by a killer bee]
 10178 | D:7      | HP: 12/68 [poisoned by a killer bee]
 10604 | D:8      | Got a pair of pitted gloves
 10622 | D:8      | Identified the cursed +0 pair of gloves "Qojo" {*Drain
                  | rElec rN+++ Int+5} (You found it on level 8 of the Dungeon)
 10926 | D:8      | Reached skill level 6 in Hexes
 11147 | D:8      | Killed Harold
 11148 | D:8      | Reached skill level 7 in Translocations
 11148 | D:8      | Gained mutation: You are partially covered in sharp spines.
                  | [demonic ancestry]
 11148 | D:8      | Reached XP level 10. HP: 23/76 MP: 8/18
 11148 | D:8      | Quit the game

Vanquished Creatures
  Harold (D:8)
  Maggie (D:6)
  A wyvern (D:8)
  A steam dragon (D:5)
  A water moccasin (D:5)
  2 orc warriors (D:8)
  2 phantoms
  2 black bears
  A sky beast (D:6)
  A hornet zombie (D:6)
  5 ogres
  A big kobold (D:8)
  Blork the orc (D:4)
  6 bullfrogs
  A water moccasin zombie (D:8)
  A scorpion (D:5)
  5 wights (D:6)
  3 killer bees
  A howler monkey (D:6)
  2 bullfrog zombies (D:8)
  A centaur zombie (D:8)
  A jelly (D:7)
  A quasit (D:7)
  An orc priest (D:8)
  A hound (D:6)
  2 centaur skeletons
  An iguana (D:7)
  10 orc wizards
  2 worker ants (D:5)
  A killer bee zombie (D:7)
  A worker ant zombie (D:7)
  A howler monkey skeleton (D:6)
  11 adders
  4 gnolls (D:3)
  A shadow imp (D:5)
  A white imp (D:8)
  3 ufetubi
  An ooze (D:3)
  3 adder skeletons
  An adder zombie (D:6)
  2 worms (D:2)
  7 leopard geckos
  24 orcs
  10 bats
  8 giant cockroaches
  9 goblins
  6 hobgoblins
  10 jackals
  14 kobolds
  2 quokkas
  3 ball pythons
  10 frilled lizards
  A jackal zombie (D:5)
  A quokka skeleton (D:5)
  7 rats
201 creatures vanquished.

Table legend:
 A = Non-vault XP
 B = Vault XP
 C = Vault XP percentage of total XP
 D = Non-vault monster count
 E = Vault monster count
 F = Vault count percentage of total count
                 A         B        C        D         E       F
            +---------+---------+-------+---------+---------+-------
      Total |    4287 |    2121 |  33.1 |     181 |      20 |  10.0
            +---------+---------+-------+---------+---------+-------
        D:1 |      47 |       0 |   0.0 |      27 |       0 |   0.0
        D:2 |      88 |      36 |  29.0 |      16 |       6 |  27.3
        D:3 |      98 |      12 |  10.9 |      28 |       4 |  12.5
        D:4 |     186 |      99 |  34.7 |      12 |       1 |   7.7
        D:5 |     509 |     378 |  42.6 |      14 |       4 |  22.2
        D:6 |    1292 |     385 |  23.0 |      33 |       1 |   2.9
        D:7 |     520 |       0 |   0.0 |      11 |       0 |   0.0
        D:8 |    1547 |    1211 |  43.9 |      40 |       4 |   9.1
            +---------+---------+-------+---------+---------+-------

Illustrated notes

Table legend:
 A = Kills in this place as a percentage of kills in entire the game.
 B = Kills by you in this place as a percentage of kills by you in the entire game.
 C = Kills by friends in this place as a percentage of kills by friends in the entire game.
 D = Other kills in this place as a percentage of other kills in the entire game.
 E = Experience gained in this place as a percentage of experience gained in the entire game.
 F = Experience gained in this place divided by the number of levels of this place that you have seen.
                   A       B       C       D       E      F
               +-------+-------+-------+-------+-------+----------------------
         Total | 100.0 | 100.0 |   N/A |   N/A | 100.0 | 801.0
       Dungeon | 100.0 | 100.0 |   N/A |   N/A | 100.0 | 801.0
               +-------+-------+-------+-------+-------+----------------------

Table legend: (Time is in decaauts)
 A = Elapsed time spent in this place.
 B = Non-inter-level travel time spent in this place.
 C = Inter-level travel time spent in this place.
 D = Time resting spent in this place.
 E = Time spent auto-exploring this place.
 F = Levels seen in this place.
 G = Mean time per level.
                   A        B        C        D        E       F      G
               +--------+--------+--------+--------+--------+-----+--------+
         Total |  11157 |  10756 |    401 |      0 |   9546 |   8 | 1394.6 |
       Dungeon |  11157 |  10756 |    401 |      0 |   9546 |   8 | 1394.6 |
               +--------+--------+--------+--------+--------+-----+--------+

Top non-repeatable levels by time:
     D:7: 1674 daAuts
     D:5: 1649 daAuts
     D:2: 1633 daAuts
     D:6: 1599 daAuts
     D:1: 1453 daAuts
     D:3: 1216 daAuts
     D:4: 1171 daAuts
     D:8: 758 daAuts
